[Event "Khanty-Mansiysk FIDE GP (Women)"]
[Site "Khanty-Mansiysk"]
[Date "2014.04.19"]
[Round "9"]
[White "Hou, Yifan"]
[Black "Girya, Olga"]
[Result "1-0"]
[ECO "B85"]
[WhiteElo "2618"]
[BlackElo "2450"]
[Annotator "ChessBase Website"]
[PlyCount "91"]
[EventDate "2014.04.09"]
[EventType "tourn"]
[EventRounds "11"]
[EventCountry "RUS"]
[EventCategory "10"]
[SourceTitle "CBM 160"]
[Source "ChessBase"]
[SourceDate "2014.05.15"]
[SourceVersion "1"]
[SourceVersionDate "2014.05.15"]
[SourceQuality "1"]
[TimeControl "40/5400+30:1800+30"]
[WhiteClock "1:30:00"]
[BlackClock "1:30:00"]

1. e4 c5 2. Nf3 e6 3. Nc3 Nc6 4. d4 cxd4 5. Nxd4 Qc7 6. Be3 a6 7. Be2 Nf6 8. O-O Be7 9. f4 d6 10. Kh1 O-O 11. Qe1 Nxd4 12. Bxd4 b5 13.
Qg3 Bb7 14. a3 Bc6 15. Rae1 Qb7 16. Bd3 b4 17. Nd1 bxa3 (17... g6
18. Nf2 Nh5 19. Qe3 a5 20. Ng4 f6 21. Bc4 Ng7 22. f5 gxf5 23. Rxf5 Kh8 24. Rf3
e5 25. Qh6 exd4 26. Rh3 Bxe4 27. Bd3 Bxd3 28. cxd3 Nh5 29. Qxh5 Bd8 30. Re8
Rxe8 31. Qxe8+ Kg7 32. Rg3 f5 33. Ne5+ Bg5 34. Rxg5+ Kf6 35. Qh5 dxe5 36. Qh6+
{1-0 (36) Guliyev,N (2559)-Schlosser,P (2602) Germany 2014}) 18. bxa3 Rac8 19. Nf2 Nh5 20.
Qg4 $146 (20. Qf3 g6 21. Ng4 f6 22. Qe2 Bb5 23. c4 Bc6 24. c5
Bb5 25. cxd6 Bxd6 26. e5 Bxd3 27. Qxd3 fxe5 28. fxe5 Rxf1+ 29. Rxf1 Bf8 30.
Nf6+ Nxf6 31. exf6 Kf7 32. Rb1 Qc6 33. h3 Rc7 34. Be5 {1/2-1/2 (34) Parligras,
M (2601)-Movsesian,S (2723) Germany 2010}) 20... g6 21. Qh3 Bd7 22. Ng4 e5 23. fxe5 Bxg4 24. Qxg4 dxe5 25. Bxe5 Bxa3 26. Re3 Rc6 27. Rh3 Qc8 28. Qf3 Re6 29. Rxh5 $1 {[%emt 0:09:13]
Clearly the most important result of the round. Hou Yifan started a dangerous
attack on the kingside that had to be met with precision by Black. The
machines give some crazy defensive lines, but Girya did not find them and the
World Champion's bishops ravaged the board. This cost the Russian suitor her
queen and it was simple technique from Hou Yifan that was required to take a
two point commanding lead with only two rounds to go.} gxh5 30. Bf6 Rxf6 31. Qxf6 Qe6 32. Qg5+ Qg6 33. Qd5 Re8 34. e5 Qg7 35. Qb3 Bf8 36. Rxf7 Qxf7 37. Bc4 Qxc4 38. Qxc4+ Kg7 39. Qd5 Be7 40. Qd7 Kf8 41. Qf5+ Kg7 42. Qxh5 Rb8 43. g3 Rb5 44. Qg4+ Kf8 45. Qf4+ Kg7 46. e6 1-0